Assault gren and carro to the rescue

Match 31526615
End
Engineer Squad
Construct Barracks
1⁄4-ton 4x4 Truck
Selects Armored Battlegroup
Selects Veteran Crews
Riflemen Squad
Riflemen Squad
Riflemen Squad
Construct Weapon Support Center
Construct Medical Station
Grenade Package
Infantry Support Center
Riflemen Squad
Selects Fast Deploy
Selects M8 Scott SPG
M8 Scott SPG
M8 Scott SPG
Bazooka Squad
Riflemen Squad
Bazooka Squad
M1918 Browning Automatic Rifles
Improved M9 Bazooka Rockets
Riflemen Squad
Selects M4A3E8 Sherman Combat Group
M4A3E8 Sherman Combat Group
Ang1eton
JZuna
0
0

Comments sign in to comment!

No comments posted yet!